 Dungeon Crawl Stone Soup version 0.17-a0-2231-gd80ca38 (webtiles) character file.

219 kae the Archer (level 5, -1/34 HPs)
             Began as a High Elf Hunter on Oct 29, 2015.
             Slain by a killer bee (5 damage)
             ... on level 3 of the Dungeon.
             The game lasted 00:06:22 (4199 turns).

kae the Archer (High Elf Hunter)                    Turns: 4199, Time: 00:06:22

Health: -1/34      AC:  5    Str: 11    XL:     5   Next: 63%
Magic:  4/6        EV: 12    Int: 15    God:
Gold:   215        SH:  0    Dex: 16    Spells: 0 memorised, 4 levels left

rFire  . . .     SeeInvis .     b - +0 short sword
rCold  . . .     Clarity  .     d - +1 leather armour
rNeg   . . .     SustAt   .     (no shield)
rPois  .         Gourm    .     (no helmet)
rElec  .         Spirit   .     k - +0 cloak
rCorr  .         Warding  .     (no gloves)
rMut   .         Stasis   .     (no boots)
MR     .....                    (no amulet)
Stlth  ++........               (no ring)
                                u - ring of invisibility

@: lethally poisoned (-1 -> -5), very slightly contaminated, invisible, not
resistant to hostile enchantments, unstealthy
A: no striking features
a: Turn Visible


You were on level 3 of the Dungeon.
You were near starving.

You visited 1 branch of the dungeon, and saw 4 of its levels.

You collected 215 gold pieces.

Inventory:

Hand Weapons
 a - a +1 shortbow
 b - a +0 short sword (weapon)
Missiles
 i - 3 arrows
Armour
 d - a +1 leather armour (worn)
 k - a +0 cloak (worn)
Jewellery
 u - a ring of invisibility (left hand)
Scrolls
 f - a scroll of recharging
 g - a scroll of immolation
 l - a scroll of teleportation
 n - a scroll of enchant armour
 q - a scroll of blinking {unknown}
 t - a scroll of identify {unknown}
Potions
 c - a potion of cure mutation {unknown}
 h - a potion of curing
 o - a potion of resistance {unknown}
 r - a potion of degeneration {unknown}
Books
 p - a book of Beasts

   Spells                             Type                      Level
   a - Summon Butterflies             Summoning                    1
   b - Call Canine Familiar           Summoning                    3
   c - Summon Ice Beast               Ice/Summoning                4
   d - Summon Mana Viper              Hexes/Summoning              5
   e - Summon Hydra                   Summoning                    7
Comestibles
 e - 3 bread rations
 j - 3 meat rations
 m - 2 slices of pizza


   Skills:
 - Level 2.0 Fighting
 + Level 9.2 Bows
 - Level 2.1 Dodging
 - Level 1.1 Stealth


You had 4 spell levels left.
You didn't know any spells.

Dungeon Overview and Level Annotations

Branches:
Dungeon (4/15)
 Temple: D:4-7

Altars:
Elyvilon

Annotations:
D:4 exclusion: 2 ogres


Message History

You are lethally poisoned!
The killer bee poisons you!
You closely miss the killer bee.
The killer bee is heavily wounded.
* * * LOW HITPOINT WARNING * * *
You feel sick. The killer bee barely misses you.
The killer bee barely misses you.
Unknown command.
You strike the helpless killer bee from behind!
You hit the killer bee.
The killer bee is heavily wounded.
* * * LOW HITPOINT WARNING * * *
You feel sick. The killer bee closely misses you.
The killer bee stings you but does no damage.
Unknown command.
You miss the killer bee.
The killer bee is heavily wounded.
* * * LOW HITPOINT WARNING * * *
You feel sick. The killer bee barely misses you. The killer bee stings you.
You die...

...#......# ######≈#.#≈#######
########..# #≈≈≈≈≈≈#.#≈≈≈≈≈≈#
...#......######≈...###.###...≈##
##.#.###.......'...............'.
#.#.# #..###..#≈...###.###...≈##
##.#.###..# #.##≈≈≈≈≈≈#.#≈≈≈≈≈≈#
.........## #.#######≈#.#≈######
##..####.# #.#######≈...≈# ##.#
#.# #...@y..#≈...≈# ###.# #.#
#########≈...≈# ##### ..<.#
##.####### #≈≈.≈≈###...# #####
#.#......# ###'###...#.#
##.#####.# #.##.##...# ### #.#
#....###.## #.# ####.# #.## # #.#
#.###.#. # ##### #.# #.##....


You could see a killer bee.

Vanquished Creatures
  A hound (D:4)
  Jessica (D:3)
  A worker ant (D:4)
  2 adders
  An adder zombie (D:4)
  5 worms
  7 giant geckos
  6 orcs
  10 bats
  5 giant cockroaches
  9 goblins
  4 hobgoblins
  14 jackals
  11 kobolds
  A quokka (D:4)
  2 giant newts (D:2)
  A jackal zombie (D:4)
  A quokka zombie (D:4)
  10 rats
92 creatures vanquished.

Vanquished Creatures (others)
  3 plants (D:4)
3 creatures vanquished.

Grand Total: 95 creatures vanquished

Notes
Turn   | Place    | Note
--------------------------------------------------------------
     0 | D:1      | kae the High Elf Hunter began the quest for the Orb.
     0 | D:1      | Reached XP level 1. HP: 14/14 MP: 2/2
   219 | D:1      | Reached XP level 2. HP: 19/19 MP: 3/3
   222 | D:1      | Reached skill level 6 in Bows
   363 | D:1      | You fall through a shaft!
   502 | D:1      | Reached XP level 3. HP: 24/24 MP: 4/4
  1030 | D:1      | Reached skill level 7 in Bows
  1338 | D:2      | Reached XP level 4. HP: 29/29 MP: 5/5
  1474 | D:2      | Found a white marble altar of Elyvilon.
  2114 | D:3      | Noticed Jessica
  2118 | D:3      | Killed Jessica
  2118 | D:3      | Reached skill level 8 in Bows
  2651 | D:3      | Reached XP level 5. HP: 34/34 MP: 6/6
  2914 | D:4      | Noticed an ogre
  3997 | D:4      | Noticed an ogre
  4059 | D:4      | Reached skill level 9 in Bows
  4190 | D:4      | HP: 1/34 [killer bee (7)]
  4199 | D:3      | Slain by a killer bee

Vault maps used:
D:1:      dpeg_arrival_water_temple_mockup
D:2:      elyvilon_altar_4
D:3:      grunt_ministairs_9, minmay_misc_feat_cross, kennysheep_minor_cross,
          uniq_jessica
D:4:      first_bread, serial_undead, serial_undead_b, serial_undead_e,
          serial_undead_a, serial_undead_a, corexii_shack

Action                   |  1- 3 |  4- 6 || total
-------------------------+-------+-------++-------
Melee: Short sword       |    13 |   158 ||   171
 Fire: Shortbow          |   106 |    53 ||   159
 Abil: Evoke Invisibilit |       |     1 ||     1
  Use: Scroll            |       |     7 ||     7
       Potion            |       |     1 ||     1
 Stab: Sleeping          |       |     3 ||     3
       Distracted        |       |     1 ||     1
       Invisible         |       |     2 ||     2
  Eat: Chunk             |     1 |     8 ||     9
